 Dungeon Crawl Stone Soup version 0.29.1-15-g9cfb28693d (webtiles) character file.

Game seed: 12265278440415063562

2 hawla the Caller (level 1, 0/14 HPs)
             Began as a Meteoran Summoner on Apr 5, 2023.
             Slain by an adder (3 damage)
             ... on level 3 of the Dungeon.
             The game lasted 00:00:50 (70 turns).

hawla the Caller (Meteoran Summoner)                  Turns: 70, Time: 00:00:51

Health: 0/14       AC:  2    Str:  9    XL:     1   Next: 57%
Magic:  4/5        EV: 12    Int: 16    God:
Gold:   21         SH:  0    Dex: 14    Spells: 4/5 levels left

rFire   . . .      SeeInvis .   (no weapon)
rCold   . . .      Faith    .   (no shield)
rNeg    . . .      Spirit   .   a - +0 robe
rPois   .          Reflect  .   (no helmet)
rElec   .          Harm     .   (no cloak)
rCorr   .          Rampage  .   (no gloves)
Will    .....                   (no boots)
Stlth   +.........              (no amulet)
HPRegen 0.04/turn               (no ring)
MPRegen 0.09/turn               (no ring)

@: glowing
A: sense surroundings 1, otherworldly, glowing, explore regen
a: no special abilities


You were on level 3 of the Dungeon.
You visited 1 branch of the dungeon, and saw 3 of its levels.

You collected 21 gold pieces.

Inventory:

Armour
 a - a +0 robe (worn)
Potions
 b - a potion of magic


   Skills:
 + Level 2.4 Dodging
 - Level 1.4 Stealth
 + Level 2.7 Spellcasting
 + Level 5.0 Summonings


You had 4 spell levels left.
You knew the following spells:

 Your Spells              Type           Power      Damage    Failure   Level
a - Summon Small Mammal   Summ           72%        N/A       2%          1

Your spell library contained the following spells:

 Spells                   Type           Power      Damage    Failure   Level
 Call Imp                 Summ           18%        N/A       3%          2
 Call Canine Familiar     Summ           18%        N/A       8%          3
 Summon Guardian Golem    Hex/Summ       10%        N/A       21%         3
 Summon Lightning Spire   Summ/Air       10%        N/A       56%         4


Dungeon Overview and Level Annotations

Branches:
Dungeon (3/15) Zot: 1729

Altars:


Innate Abilities, Weirdness & Mutations

You passively map a small area around you.
You are easily found by Zot.
You glow in the dark.
You regain HP and MP as you explore.


Message History

The giant cockroach bites you but does no damage.
The adder bites you but does no damage.
The hobgoblin hits your quokka but does no damage.
Your rat bites the giant cockroach.
The endoplasm barely misses you.
Your quokka bites the giant cockroach.
The giant cockroach dies!
Your Summonings skill increases to level 5!
You hit the endoplasm but do no damage.
The endoplasm is heavily wounded.
The adder closely misses you. The hobgoblin misses your quokka.
The endoplasm hits you but does no damage.
Unknown command.
You closely miss the adder. The adder misses you.
Your quokka completely misses the adder.
The endoplasm hits you but does no damage.
The hobgoblin barely misses your quokka.
The adder bites you but does no damage.
Unknown command.
You barely miss the adder.
Your quokka closely misses the adder.
The adder bites you. The hobgoblin hits your quokka.
The endoplasm hits you but does no damage.
Unknown command.
You hit the adder but do no damage. Your quokka misses the adder.
The adder bites you.
* * * LOW HITPOINT WARNING * * *
The hobgoblin barely misses your quokka.
The endoplasm hits you but does no damage.
Unknown command.
You hit the adder. You punch the adder.
The adder is moderately wounded.
Your quokka bites the endoplasm.
The adder bites you but does no damage.
Your quokka misses the adder.
The hobgoblin barely misses your quokka.
The endoplasm misses you.
Unknown command.
You hit the endoplasm.
The endoplasm is almost dead.
The adder closely misses you.
Your quokka closely misses the adder.
The adder bites you.
You die...

, .. #.....#. ,
. .. ,.......
., ..
.###.....#..
.#( ..#.......#
~
....,[.......##
* #..#..g......
, , ,,
*#...Sr.....#
#...J@r.# *
#....#..# , ~
....... ..# *
....... ....,
,, .......
...)~ #.#....
..~~~≈~ , .
..... .~≈≈≈≈≈
#..... ~~≈≈~~~
,


You could see an adder, an endoplasm (ally target), a hobgoblin, a friendly
quokka (summoned) and a friendly rat (summoned).

Vanquished Creatures (collateral kills)
  A giant cockroach (D:3)
  A goblin (D:1)
2 creatures vanquished.

Notes
Turn   | Place    | Note
-------+----------+-------------------------------------------
     0 | D:1      | hawla the Meteoran Summoner began the quest for the Orb.
     0 | D:1      | Reached XP level 1. HP: 14/14 MP: 5/5
    65 | D:3      | Reached skill level 5 in Summonings
    70 | D:3      | Slain by an adder

Illustrated notes

Levels and vault maps discovered:
D:1:      dpeg_arrival_short_road, layout_basic, ebering_ecumenical_altar_rust
D:2:      layout_rooms, minmay_misc_feat_columns
D:3:      layout_rooms, fedhas_ov_isle_minmay, cheibrodos_sewer_entry_sluice,
          uniq_terence

Skill      XL: |  1 |
---------------+----+-----
Summonings     | 5 |  5.0
Dodging        | |  2.4
Stealth        | |  1.4
Spellcasting   | |  2.7

Action                   || total
-------------------------++-------
Melee: Unarmed           ||    11
       Punch             ||     1
 Cast: Summon Small Mamm ||     3
  Use: Scroll            ||     1
Armor: Robe              ||     9
Dodge: Dodged            ||    12
